 Dungeon Crawl Stone Soup version 0.17-a0-1132-g5dd4065 (webtiles) character file.

43 Kisielow the Poker (level 3, -4/27 HPs)
             Began as a Merfolk Skald on May 25, 2015.
             Slain by a gnoll
             ... wielding a +0 flail of protection
              (8 damage)
             ... on level 3 of the Dungeon.
             The game lasted 00:06:56 (1522 turns).

Kisielow the Poker (Merfolk Skald)                  Turns: 1522, Time: 00:06:56

Health: -4/27      AC:  3    Str: 12      XL:     3   Next: 58%
Magic:  5/6        EV: 12    Int: 11      God:
Gold:   51         SH:  3    Dex: 13 (14) Spells: 2 memorised, 2 levels left

rFire  . . .     SeeInvis .     a - +0 spear
rCold  . . .     Clarity  .     b - +0 leather armour
rNeg   . . .     SustAt   .     i - +0 buckler
rPois  .         Gourm    .     (no helmet)
rElec  .         Spirit   .     (no cloak)
rCorr  .         Warding  .     (no gloves)
rMut   .         Stasis   .     (no boots)
MR     .....                    (no amulet)
Stlth  +.........               (no ring)
                                (no ring)

@: very slightly contaminated, not resistant to hostile enchantments, very
unstealthy
A: change form in water, swift swim
a: no special abilities


You were on level 3 of the Dungeon.
You were not hungry.

You visited 1 branch of the dungeon, and saw 3 of its levels.

You collected 51 gold pieces.

Inventory:

Hand weapons
 a - a +0 spear (weapon)
Armour
 b - a +0 leather armour (worn)
 i - a +0 buckler (worn)
Scrolls
 h - 2 scrolls of fear {unknown}
 l - a scroll of magic mapping {unknown}
 n - 2 scrolls of remove curse {unknown}
 o - a scroll of fog {unknown}
 p - a scroll of identify {unknown}
Potions
 k - a potion of heal wounds {unknown}
 m - a potion of resistance {unknown}
 q - a potion of might {unknown}
Books
 c - a book of Battle

   Spells                             Type                      Level
   a - Infusion                       Charms                       1
   b - Shroud of Golubria             Charms/Translocation         2
   c - Song of Slaying                Charms                       2
   d - Spectral Weapon                Hexes/Charms                 3
   e - Regeneration                   Charms/Necromancy            3
Comestibles
 d - a bread ration
 g - 2 slices of pizza
 j - a meat ration


   Skills:
 - Level 2.1 Fighting
 * Level 4.4 Polearms
 - Level 0.6 Armour
 * Level 3.3 Dodging
 - Level 2.0 Spellcasting
 - Level 3.2 Charms


You had 2 spell levels left.
You knew the following spells:

 Your Spells              Type           Power        Failure   Level  Hunger
q - Infusion              Chrm           #.....       21%         1    ##.....
w - Regeneration          Chrm/Necr      #.........   89%         3    ####...


Dungeon Overview and Level Annotations

Branches:
Dungeon (3/15)

Altars:
Xom

Annotations:
D:2 Sigmund


Message History

You completely miss the gnoll. The gnoll hits you with a flail.
You block the gnoll's attack.
You hit the gnoll.
The gnoll is lightly wounded.
The gnoll barely misses you. The gnoll hits you with a flail.
You hit the gnoll.
The gnoll is moderately wounded.
The gnoll hits you with a flail of protection.
The gnoll hits you with a club!
* * * LOW HITPOINT WARNING * * *
The gnoll misses you.
You are too injured to fight recklessly!
You are too injured to fight recklessly!
You are too injured to fight recklessly!
Drink which item? (? for menu, Esc to quit)
It was a potion of degeneration.
There was something very wrong with that liquid.
You feel clumsy.
The gnoll hits you with a flail of protection!
You die...

.. #. #.
#. #.###
...#
#gg#
#@g#
#.## ..#
.#.#
....#
.#.#.#
......#
####.#.#


You could see 3 gnolls.

Vanquished Creatures
  An adder (D:2)
  2 giant geckos (D:1)
  2 bats (D:1)
  3 giant cockroaches
  3 hobgoblins
  6 jackals
  A ball python (D:2)
  A giant newt (D:1)
  3 goblins (D:1)
  2 kobolds
  4 rats
28 creatures vanquished.

Notes
Turn   | Place    | Note
--------------------------------------------------------------
     0 | D:1      | Kisielow the Merfolk Skald began the quest for the Orb.
     0 | D:1      | Reached XP level 1. HP: 16/16 MP: 3/3
   221 | D:1      | Reached XP level 2. HP: 12/22 MP: 5/5
   431 | D:1      | Reached skill level 4 in Polearms
   646 | D:1      | Found a shimmering altar of Xom.
   795 | D:2      | Reached XP level 3. HP: 9/27 MP: 6/6
  1262 | D:2      | Learned a level 3 spell: Regeneration
  1510 | D:2      | Noticed Sigmund
  1522 | D:3      | Slain by a gnoll

Vault maps used:
D:1:      onia_arrival_mini_spirals, xom_teletrap_fun
D:2:      kennysheep_goblin_castle, uniq_sigmund
D:3:      serial_glass, glass_columns_a, glass_columns_b

Action                   || total
-------------------------++-------
Melee: Spear             ||   136
 Cast: Infusion          ||     4
  Use: Potion            ||     1
 Stab: Sleeping          ||     1
  Eat: Chunk             ||     2
